 Dungeon Crawl Stone Soup version 0.31.0-11-ge490571c62 (webtiles) character file.

Game seed: 10474174221117338553

538 qw the Shooter (level 7, -4/35 HPs)
             Began as a Spriggan Hunter on Feb 4, 2024.
             Slain by an ice beast (11 damage)
             ... on level 5 of the Dungeon.
             The game lasted 00:00:14 (3464 turns).

qw the Shooter (Spriggan Hunter)                    Turns: 3464, Time: 00:00:14

Health: -4/35      AC:  2    Str:  7    XL:     7   Next: 5%
Magic:  0/8        EV: 22    Int: 10    God:
Gold:   140        SH:  0    Dex: 21    Spells: 6/6 levels left

rFire   . . .        a - +0 shortbow
rCold   . . .        (shield currently unavailable)
rNeg    . . .        c - +0 robe
rPois   .            (helmet restricted)
rElec   .            (no cloak)
rCorr   .            (gloves unavailable)
SInv    +            (boots unavailable)
Will    +....        i - amulet of guardian spirit
Stlth   ++           (no ring)
HPRegen 0.25/turn    (no ring)
MPRegen 0.11/turn

%: guardian spirit
@: about to teleport, very quick
A: very small, no large weapons, unfitting armour, see invisible, speed 3
a: no special abilities


You were on level 5 of the Dungeon.
You visited 1 branch of the dungeon, and saw 5 of its levels.

You collected 140 gold pieces.


Innate Abilities, Weirdness & Mutations

You are very small and have problems with some larger weapons.
You are too small for most types of armour.
You have supernaturally acute eyesight. (SInv)
You cover ground extremely quickly. (Speed+++)


   Skills:
 - Level 2.0 Fighting
 - Level 7.0 Ranged Weapons
 + Level 6.5 Dodging
 - Level 1.5 Stealth


You had 6 spell levels left.
You didn't know any spells.
Your spell library was empty.

Inventory:

Hand Weapons
 a - a +0 shortbow (weapon)
Armour
 c - a +0 robe (worn)
Jewellery
 i - an amulet of guardian spirit (around neck)
Potions
 b - a potion of heal wounds
 d - a potion of might
 g - a potion of curing {unknown}
 j - a potion of resistance

Dungeon Overview and Level Annotations

Branches:
Dungeon (5/15)
 Temple: D:4-7

Altars:
Nemelex Xobeh

Annotations:
D:4 1 runed translucent door, Crazy Yiuf


Message History

Enter note:
Enter note:
3453 ||| RETREEEEATING.
Enter note:
3454 ||| RETREEEEATING.
You shoot an arrow.
The arrow hits the phantom but does no damage.
The phantom is severely damaged.
You shoot an arrow.
The arrow completely misses the phantom.
The arrow hits the ice beast.
The ice beast is lightly wounded.
The phantom completely misses you.
You shoot an arrow. The arrow hits the phantom.
The phantom is almost destroyed.
The phantom completely misses you.
You shoot an arrow. The arrow hits the phantom!
You destroy the phantom!
Your Ranged Weapons skill increases to level 7!
You have reached level 7!
You shoot an arrow.
The arrow completely misses the ice beast.
The ice beast hits you. The ice beast freezes you!
You shoot an arrow. The arrow closely misses the ice beast.
The ice beast hits you. The ice beast freezes you!
You shoot an arrow. The arrow hits the ice beast.
The ice beast is lightly wounded.
The ice beast barely misses you.
You shoot an arrow. The arrow barely misses the ice beast.
The ice beast hits you. The ice beast freezes you!
3463 ||| READING scroll of teleportation.
As you read the scroll of teleportation, it crumbles to dust.
You feel strangely unstable. The ice beast barely misses you.
You shoot an arrow.
The arrow hits the ice beast but does no damage.
The ice beast is lightly wounded.
The ice beast closely misses you. The ice beast hits you.
The ice beast freezes you!
You die...

# .~ ~~~ .~~.
.~~..
~~~...#########
~~~.....Y@....#
~~~...#.#####.#
.~~.~ #.# #.#
~~~. #.# #.#
.~~ #.# #.# ~~
#.# #.# . #.#
#.# ## ..# #.#
.. #.# #.


You could see an ice beast.

Vanquished Creatures
  A black bear (D:4)
  2 phantoms (D:5)
  A howler monkey (D:4)
  2 bombardier beetles (D:3)
  2 iguanas
  Robin (D:4)
  4 gnolls (D:2)
  An adder (D:4)
  3 dart slugs
  4 ribbon worms
  2 orcs
  3 bats
  6 endoplasms
  5 giant cockroaches
  8 goblins
  9 hobgoblins
  4 jackals (D:1)
  2 kobolds
  4 quokkas
  7 ball pythons
  2 frilled lizards
  4 rats
77 creatures vanquished.

Notes
Turn   | Place    | Note
-------+----------+-------------------------------------------
     0 | D:1      | qw the Spriggan Hunter began the quest for the Orb.
     0 | D:1      | Reached XP level 1. HP: 10/10 MP: 2/2
     0 | D:1      | 0 ||| qw: Version: 0.3-a-160-g6735b56
     0 | D:1      | 0 ||| qw: Game counter: 5264
     0 | D:1      | 0 ||| qw: Melee chars always use a shield: true
     0 | D:1      | 0 ||| qw: God list: Okawaru
     0 | D:1      | 0 ||| qw: Allow faded altars: false
     0 | D:1      | 0 ||| qw: Do Orc after clearing Dungeon:15 true
     0 | D:1      | 0 ||| qw: Do second Lair branch before Depths: true
     0 | D:1      | 0 ||| qw: Lair rune preference: random
     0 | D:1      | 0 ||| qw: Goals: Normal
     0 | D:1      | 0 ||| PLANNING D:1-11
     6 | D:1      | Noticed a hog
     6 | D:1      | Noticed a black bear
     6 | D:1      | Noticed a snapping turtle
     7 | D:1      | Noticed a brain worm
     7 | D:1      | Noticed an anaconda
    74 | D:1      | 74 ||| RETREEEEATING.
    78 | D:1      | Reached skill level 3 in Dodging
    90 | D:1      | Reached XP level 2. HP: 14/14 MP: 3/3
   822 | D:1      | 822 ||| UPGRADING to amulet of guardian spirit.
   827 | D:1      | 827 ||| READING 3 scrolls labelled ITWEXK OVILOSUYC.
   827 | D:1      | 827 ||| IDENTIFYING purple potion
   828 | D:1      | 828 ||| READING 2 scrolls of identify.
   828 | D:1      | 828 ||| IDENTIFYING lumpy red potion
   829 | D:1      | 829 ||| READING scroll of identify.
   829 | D:1      | 829 ||| IDENTIFYING scroll labelled NOSENO BEYREO
   830 | D:1      | 830 ||| READING 2 scrolls labelled EDGHOZ ICYNK.
   834 | D:1      | 834 ||| DROPPING scroll of butterflies.
   835 | D:1      | 835 ||| DROPPING scroll of fear.
   858 | D:2      | Found a faded altar of an unknown god.
   861 | D:2      | Reached XP level 3. HP: 18/18 MP: 4/4
   887 | D:2      | 887 ||| FLEEEEING.
   890 | D:2      | 890 ||| FLEEEEING.
   891 | D:2      | 891 ||| FLEEEEING.
   895 | D:2      | 895 ||| FLEEEEING.
   985 | D:2      | Reached skill level 5 in Ranged Weapons
  1119 | D:2      | Reached XP level 4. HP: 22/22 MP: 5/5
  1245 | D:2      | You fall into a shaft and drop 1 floor!
  1374 | D:3      | Found a sparkling altar of Nemelex Xobeh.
  1471 | D:3      | 1471 ||| READING 2 scrolls of identify.
  1471 | D:3      | 1471 ||| IDENTIFYING cyan potion
  1472 | D:3      | 1472 ||| READING scroll of identify.
  1472 | D:3      | 1472 ||| IDENTIFYING scroll labelled DUREGO HESAOBU
  1473 | D:3      | 1473 ||| READING scroll labelled XUREQETTU.
  1574 | D:3      | 1574 ||| DROPPING scroll of fog.
  1581 | D:3      | 1581 ||| STAIRDANCE
  1742 | D:2      | 1742 ||| READING scroll labelled FUNWU UK TEODI.
  1901 | D:3      | HP: 3/23 [ribbon worm (3)]
  1902 | D:3      | 1902 ||| READING scroll of teleportation.
  1903 | D:3      | 1903 ||| DRINKING potion of heal wounds.
  2001 | D:3      | Reached XP level 5. HP: 26/26 MP: 4/6
  2259 | D:3      | 2259 ||| READING scroll of identify.
  2259 | D:3      | 2259 ||| IDENTIFYING ruby potion
  2310 | D:4      | Reached skill level 6 in Ranged Weapons
  2310 | D:4      | Noticed Robin
  2328 | D:4      | Killed Robin
  2364 | D:4      | 2364 ||| FLEEEEING.
  2404 | D:4      | 2404 ||| STAIRDANCE
  2429 | D:4      | Reached XP level 6. HP: 27/30 MP: 7/7
  2898 | D:4      | Found a runed translucent door.
  2899 | D:4      | Noticed Crazy Yiuf
  3123 | D:4      | Reached skill level 6 in Dodging
  3187 | D:4      | 3187 ||| READING 2 scrolls labelled WEULA KAYPHAV.
  3188 | D:4      | 3188 ||| DROPPING scroll of blinking.
  3228 | D:5      | Entered Level 5 of the Dungeon
  3367 | D:5      | Noticed a water moccasin
  3368 | D:5      | 3368 ||| DRINKING potion of haste.
  3441 | D:5      | Noticed an ice beast
  3453 | D:5      | 3453 ||| RETREEEEATING.
  3454 | D:5      | 3454 ||| RETREEEEATING.
  3459 | D:5      | Reached skill level 7 in Ranged Weapons
  3459 | D:5      | Reached XP level 7. HP: 35/35 MP: 8/8
  3462 | D:5      | HP: 8/35 [ice beast (7)]
  3463 | D:5      | 3463 ||| READING scroll of teleportation.
  3464 | D:5      | Slain by an ice beast

Levels and vault maps discovered:
D:1:      onia_arrival_zoo_common, layout_basic
D:2:      layout_loops_cross, basic_ecumenical_altar
D:3:      layout_basic, nemelex_dance_club_becter
D:4:      black_bear_nest_2, layout_loops_ring, kennysheep_generic_room_6,
          uniq_robin, uniq_crazy_yiuf_cottage
D:5:      layout_basic, serial_rivers, chequers_serial_rivers_large_a,
          chequers_serial_rivers_micro_b, chequers_serial_rivers_micro_b,
          chequers_serial_rivers_small_3, hangedman_abyss_or_decor_stabs,
          uniq_duvessa

Skill      XL: |  1  2  3  4  5  6 |
---------------+-------------------+-----
Dodging        | 3 4 5 6 |  6.5
Ranged Weapons | 5 6 7 |  7.0
Fighting       | 2 |  2.0
Stealth        | |  1.5

Action                     |  1- 3 |  4- 6 |  7- 9 || total
---------------------------+-------+-------+-------++-------
   Fire: Shortbow          |    75 |   194 |     5 ||   274
    Use: Scroll            |     4 |     7 |     1 ||    12
         Potion            |       |     2 |       ||     2
 Armour: Robe              |     1 |    36 |     4 ||    41
  Dodge: Dodged            |    30 |    93 |     3 ||   126

Table legend:
 A = Non-vault XP
 B = Vault XP
 C = Vault XP percentage of total XP
 D = Non-vault monster count
 E = Vault monster count
 F = Vault count percentage of total count
                 A         B        C        D         E       F
            +---------+---------+-------+---------+---------+-------
      Total |     598 |     171 |  22.2 |      64 |      13 |  16.9
            +---------+---------+-------+---------+---------+-------
        D:1 |      37 |       0 |   0.0 |      19 |       0 |   0.0
        D:2 |      83 |       0 |   0.0 |      19 |       0 |   0.0
        D:3 |     163 |       5 |   3.0 |      18 |       2 |  10.0
        D:4 |      62 |     166 |  72.8 |       5 |      11 |  68.8
        D:5 |     253 |       0 |   0.0 |       3 |       0 |   0.0
            +---------+---------+-------+---------+---------+-------
